 Dungeon Crawl Stone Soup version 0.31-a0-1019-g3dd9dd1025 (webtiles) character file.

Game seed: 8438223208482768678

39 Azuregosa the Covert (level 3, -2/26 HPs)
             Began as an Octopode Delver on Nov 17, 2023.
             Constricted to death by Ijyb (3 damage)
             ... on level 3 of the Dungeon.
             The game lasted 00:01:59 (249 turns).

Azuregosa the Covert (Octopode Delver)               Turns: 249, Time: 00:01:59

Health: -2/26      AC:  1    Str: 11    XL:     3   Next: 45%
Magic:  3/3        EV: 10    Int: 14    God:
Gold:   0          SH:  0    Dex: 13    Spells: 2/2 levels left

rFire   . .          .
                       - Unarmed
rCold   . . .        (no shield)
rNeg    . . .        (helmet restricted)
rPois   .            (no amulet)
rElec   .            (no ring)
rCorr   .            (no ring)
SInv    .            (no ring)
Will    .....        (no ring)
Stlth   +++++        (no ring)
HPRegen 0.24/turn    (no ring)
MPRegen 0.08/turn    (no ring)
                     (no ring)

%: no passive effects
@: grasped by roots, constricted
A: almost no armour, amphibious, 8 rings, camouflage 1, gelatinous body 1,
(nimble swimmer 1), tentacles
a: no special abilities


You were on level 3 of the Dungeon.
You visited 1 branch of the dungeon, and saw 3 of its levels.

Inventory:

Wands
 e - a wand of digging (3)
Scrolls
 a - 2 scrolls of fog
 b - a scroll of identify {unknown}
 c - a scroll of fear
 f - a scroll of brand weapon {unknown}
 g - a scroll of blinking {unknown}
 h - a scroll of teleportation {unknown}
Potions
 d - a potion of haste


   Skills:
 - Level 3.0 Fighting
 - Level 2.0 Dodging
 + Level 8.1 Stealth
 - Level 2.0 Unarmed Combat


You had 2 spell levels left.
You didn't know any spells.
Your spell library was empty.

Dungeon Overview and Level Annotations

Branches:
Dungeon (5/15)
 Temple: D:4-7

Altars:
Okawaru

Shops:
D:3 *

Annotations:
D:3 Ijyb


Innate Abilities, Weirdness & Mutations

You cannot wear most types of armour.
You are amphibious.
You can wear up to eight rings at the same time.
Your skin changes colour to match your surroundings (Stealth+).
Your rubbery body absorbs attacks. (AC +1, EV +1)
((You are camouflaged when in or above water. (Stealth+)))
You have tentacles for arms and can constrict up to eight enemies at once.


Message History

You see here a bat corpse.
Found 5 poisoned darts.
Found an escape hatch in the ceiling.
The helpless Ijyb fails to defend herself.
You tentacle-slap Ijyb but do no damage.
You grab Ijyb.
You tentacle-slap Ijyb, but do no damage.
You squeeze Ijyb.
Ijyb is moderately wounded.
You constrict Ijyb, but do no damage. Ijyb hits you with a +0 dagger.
You tentacle-slap Ijyb but do no damage.
Ijyb is moderately wounded.
You constrict Ijyb, but do no damage. Ijyb misses you.
You barely miss Ijyb.
Ijyb is lightly wounded.
You constrict Ijyb, but do no damage. Ijyb closely misses you.
You tentacle-slap Ijyb but do no damage.
Ijyb is lightly wounded.
You constrict Ijyb, but do no damage.
Ijyb zaps a wand.
The roots erupt in riotous growth!
The grasping roots grab you!
Ijyb is unaffected.
The grasping roots constrict you.
You hear an angry hiss.
You tentacle-slap Ijyb but do no damage.
Ijyb is lightly wounded.
You constrict Ijyb, but do no damage. Ijyb screams, "Me stronger than you!"
Ijyb hits you with a +0 dagger. The grasping roots constrict you.
You completely miss Ijyb. You squeeze Ijyb, but do no damage.
Ijyb is lightly wounded.
You constrict Ijyb, but do no damage. Ijyb barely misses you.
The grasping roots constrict you.
* * * LOW HITPOINT WARNING * * *
Okay, then.
You tentacle-slap Ijyb but do no damage.
Ijyb is lightly wounded.
You constrict Ijyb, but do no damage. Ijyb hits you with a +0 dagger.
* * * LOW HITPOINT WARNING * * *
The grasping roots constrict you.
You die...

............#......#
.♣...#.........?....##
♣.♣..................#
.♣.♣.................#
♣.♣.♣................#
._.♣.♣...†........(<.#
♣.♣.♣................#
.♣.♣.................#
♣.♣...[.........@g..#
.♣...#......##.....##
........#######..###
#######....# ##..#
####.# ##.# .. .# ..
.. # #..


You could see Ijyb.

Vanquished Creatures
  An orc priest (D:3)
  2 orcs (D:3)
  An endoplasm (D:3)
  2 jackals (D:3)
  A bat (D:3)
  A kobold (D:3)
  A rat (D:3)
9 creatures vanquished.

Notes
Turn   | Place    | Note
-------+----------+-------------------------------------------
     0 | D:5      | Azuregosa the Octopode Delver began the quest for the Orb.
     0 | D:5      | Reached XP level 1. HP: 16/16 MP: 1/1
    63 | D:3      | Found Omeifux's General Store.
    66 | D:3      | Noticed an orc priest
    87 | D:3      | Killed an orc priest
    88 | D:3      | Reached skill level 8 in Stealth
    88 | D:3      | Reached XP level 2. HP: 10/21 MP: 2/2
    88 | D:3      | Reached XP level 3. HP: 13/26 MP: 3/3
   203 | D:3      | Found an iron altar of Okawaru.
   225 | D:3      | Noticed Ijyb
   249 | D:3      | HP: 1/26 [Ijyb/+0 dagger (4)]
   249 | D:3      | Constricted to death by Ijyb

Illustrated notes

Levels and vault maps discovered:
D:3:      layout_rooms, okawaru_trees_2, serial_shops, shop, minmay_quantized,
          uniq_ijyb
D:4:      layout_basic, kennysheep_mini_moat, minmay_temple_entry_fiery
D:5:      layout_basic, kennysheep_dice

Skill      XL: |  1 |
---------------+----+-----
Stealth        | 8 |  8.1
Fighting       | |  3.0
Dodging        | |  2.0
Unarmed Combat | |  2.0

Action                     || total
---------------------------++-------
  Melee: Unarmed           ||    36
         Tentacles         ||     9
         Constrict         ||     8
         Punch             ||     2
    Use: Scroll            ||     1
   Stab: Sleeping          ||     1
 Armour: Skin              ||    16
  Dodge: Dodged            ||    22

Table legend: (Time is in decaauts)
 A = Elapsed time spent in this place.
 B = Non-inter-level travel time spent in this place.
 C = Inter-level travel time spent in this place.
 D = Time resting spent in this place.
 E = Time spent auto-exploring this place.
 F = Levels seen in this place.
 G = Mean time per level.
                   A        B        C        D        E       F      G
               +--------+--------+--------+--------+--------+-----+--------+
         Total |    247 |    247 |      0 |     52 |      7 |   3 |   82.3 |
       Dungeon |    247 |    247 |      0 |     52 |      7 |   3 |   82.3 |
               +--------+--------+--------+--------+--------+-----+--------+

Top non-repeatable levels by time:
     D:3: 193 daAuts
     D:5: 36 daAuts
     D:4: 17 daAuts
